Map: Oblivion Express

Players

NamroodTuo

  • Race: Zerg Zerg

APOLO

  • Race: Terran Terran

VOD

Have the link to the VOD?

Description

Time

  • Played on: March 31, 2023, 4:46 p.m.
  • Length: 26:10
Show
View Real Time Build Order
Export as new Build Order

NamroodTuo Zerg 

Build Orders:  

Get SALT Encoding   

  12  0:23  Infested Barracks  
  12  0:25  Infested SCV  
  13  0:32  Infested SCV  
  14  0:47  Infested SCV  
  15  0:51  Overlord  
  15  1:21  Infested SCV  
  15  1:26  Infestation Level 1  
  15  1:28  Infested SCV  
  17  1:35  Infested SCV  
  18  1:40  Infested SCV  
  18  1:42  Infested SCV  
  20  1:54  Overlord  
  20  2:08  Infested Refinery  
  20  2:17  Infested Engineering Bay, Infested SCV  
  21  2:25  Infested SCV  
  22  2:41  Infested SCV  
  23  2:50  Infested Refinery  
  23  2:58  Infested SCV  
  24  3:25  Infested SCV  
  24  3:29  Infested SCV  
  26  3:48  Infestation Level 2  
  26  3:52  Infested SCV  
  27  4:01  Infested Factory  
  27  4:39  Infested Command Center  
  27  4:58  Infested SCV x2  
  27  4:59  Infested SCV x2  
  31  5:06  Overlord  
  31  5:13  Infested Factory Tech Lab  
  31  5:22  Infested Factory  
  31  5:45  Infested Bunker  
  31  5:48  Anaerobic Enhancement  
  35  5:54  Infested Missile Turret  
  35  6:47  Broodling Gestation  
  39  6:54  Infested Bunker  
  39  7:09  Infested Factory Tech Lab  
  39  7:12  Regenerative Plating  
  39  7:25  Overlord x3  
  39  7:26  Infested Armory  
  39  7:28  Infested SCV  
  40  7:34  Infested SCV  
  41  7:47  Infested SCV  
  41  7:49  Infested SCV  
  43  7:51  Infested SCV  
  43  7:53  Infested SCV  
  43  7:54  Infested SCV  
  46  8:11  Infested Siege Tank  
  49  8:44  Infested SCV x2  
  49  8:45  Infested SCV  
  49  8:49  Infested Siege Tank  
  55  8:50  Infested Siege Tank  
  55  8:53  Infested Refinery  
  58  9:15  Infested Bunker  
  62  9:58  Infested Siege Tank x2  
  62  9:59  Infested Siege Tank  
  71  10:00  Infested Siege Tank  
  74  10:10  Infested SCV x3  
  74  10:11  Infested SCV  
  78  10:22  Infested Refinery  
  78  10:43  Automated Mitosis  
  78  10:46  Acidic Enzymes  
  78  10:54  Overlord x2  
  78  10:55  Overlord x3  
  78  11:12  Aggressive Incubation  
  78  11:14  Unknown  
  78  11:20  Overlord  
  78  11:21  Overlord x3  
  78  11:46  Infested Missile Turret  
  78  11:50  Infested Siege Tank  
  78  11:51  Infested Siege Tank  
  84  12:17  Infested Missile Turret  
  78  12:26  Infested Siege Tank x2  
  75  12:43  Infested Siege Tank  
  72  13:59  Infested Siege Tank x2, Infested Diamondback x2  
  84  14:13  Infested Siege Tank  
  87  14:23  Infested SCV x3  
  87  14:24  Infested SCV x2  
  92  14:44  Stukov Vehicle and Ship Armor Level 1  
  86  15:44  Infested Siege Tank x3, Infested Diamondback x2  
  89  17:13  Infested Siege Tank x3, Infested Diamondback x3  
  89  17:14  Infested Siege Tank, Infested Diamondback  
  113  17:23  Stukov Vehicle and Ship Weapons Level 1  
  113  17:36  Infested Siege Tank  
  116  17:43  Overseer x2  
  116  19:12  Infested Siege Tank  
  116  19:13  Infested Siege Tank x2, Infested Diamondback x3  
  131  19:54  Infested Siege Tank, Infested Diamondback  
  131  19:55  Infested Siege Tank  
  140  20:03  Stukov Vehicle and Ship Armor Level 2  
  140  20:41  Infested Diamondback  
  140  20:42  Infested Diamondback x2  
  101  22:04  Infested Siege Tank  
  101  22:05  Infested Siege Tank x3, Infested Diamondback x3  
  101  22:06  Infested Siege Tank, Infested Diamondback  
  110  23:24  Infested Siege Tank, Infested Diamondback  
  110  23:25  Infested Siege Tank x3, Infested Diamondback x2  
  51  24:35  Infested Marine  
  51  24:36  Infested Marine x16  
  51  24:37  Infested Marine x3  
Show
View Real Time Build Order
Export as new Build Order

APOLO Terran 

Build Orders:  

Get SALT Encoding   

  12  0:04  SCV  
  19  0:12  Supply Bunker, Dominion Trooper x6  
  19  0:23  SCV  
  20  0:31  SCV  
  20  0:39  SCV  
  22  0:47  SCV  
  23  0:54  SCV  
  24  1:00  Supply Bunker  
  24  1:02  SCV  
  24  1:06  Refinery  
  25  1:10  SCV  
  25  1:14  Refinery  
  25  1:18  SCV  
  27  1:26  SCV  
  28  1:30  Supply Bunker  
  28  1:34  SCV  
  29  1:42  SCV  
  30  1:50  SCV  
  30  1:58  SCV  
  32  2:05  Supply Bunker, Dominion Trooper x6  
  32  2:06  SCV  
  39  2:12  Supply Bunker  
  39  2:14  SCV  
  41  2:30  Dominion Trooper  
  41  2:38  Dominion Trooper  
  43  2:43  Engineering Bay  
  43  2:46  Dominion Trooper  
  44  2:54  Dominion Trooper  
  45  3:02  Dominion Trooper  
  45  3:09  Dominion Trooper  
  47  3:17  Dominion Trooper  
  47  3:19  Barracks  
  48  3:25  Dominion Trooper  
  49  3:33  Dominion Trooper  
  50  3:41  Dominion Trooper  
  50  3:43  SCV  
  50  3:49  Dominion Trooper  
  52  3:57  Dominion Trooper  
  53  4:05  Dominion Trooper  
  53  4:07  Command Center  
  54  4:10  SCV  
  54  4:13  Dominion Trooper  
  54  4:17  Dominion Trooper  
  55  4:21  Dominion Trooper  
  55  4:29  Dominion Trooper  
  57  4:33  Factory  
  57  4:35  SCV  
  57  4:36  SCV  
  57  4:37  Dominion Trooper  
  57  4:42  SCV x14  
  57  4:45  Dominion Trooper  
  58  4:53  Dominion Trooper  
  59  5:15  Refinery  
  59  5:16  Refinery  
  59  5:17  Dominion Trooper  
  60  5:20  Aim-assist Embrasures  
  60  5:25  Dominion Trooper  
  61  5:33  Dominion Trooper  
  61  5:38  Marauder  
  66  5:41  Dominion Trooper  
  66  5:49  Dominion Trooper x3  
  68  5:56  SCV  
  68  5:57  Dominion Trooper  
  70  6:04  SCV  
  70  6:05  Dominion Trooper  
  72  6:12  SCV  
  72  6:13  Dominion Trooper  
  72  6:19  SCV  
  73  6:20  Neosteel Armor  
  73  6:27  SCV  
  75  6:35  SCV  
  76  6:43  SCV  
  77  6:51  SCV  
  77  6:59  SCV  
  79  7:02  Marauder  
  84  7:15  Armory, Dominion Trooper  
  85  7:23  Dominion Trooper  
  86  7:31  Dominion Trooper  
  86  7:33  Starport  
  86  7:39  Dominion Trooper  
  87  7:50  Terran Infantry Weapons Level 1  
  87  7:56  Marauder, Supply Bunker, Dominion Trooper x6  
  97  8:02  Supply Bunker  
  97  8:05  Supply Bunker x2  
  97  8:06  Supply Bunker  
  97  8:08  Supply Bunker  
  97  8:13  Supply Bunker  
  97  8:15  Missile Turret  
  97  8:19  Missile Turret  
  97  8:21  Missile Turret  
  97  8:26  Marauder  
  97  8:27  Missile Turret  
  97  8:28  Missile Turret  
  101  8:31  Missile Turret  
  101  8:42  Missile Turret  
  101  8:48  Dominion Trooper  
  103  8:51  Missile Turret  
  103  8:56  Marauder, Dominion Trooper  
  108  9:04  Dominion Trooper  
  108  9:08  Missile Turret  
  109  9:12  Dominion Trooper  
  109  9:17  Missile Turret  
  110  9:20  Dominion Trooper  
  110  9:26  Marauder  
  110  9:28  Dominion Trooper  
  110  9:29  Dominion Trooper  
  118  9:36  Missile Turret, Dominion Trooper  
  118  9:37  Dominion Trooper  
  120  9:44  Dominion Trooper  
  120  9:45  Dominion Trooper  
  121  9:50  Imperial Witness  
  121  9:53  Dominion Trooper  
  121  9:56  Marauder  
  128  10:01  Dominion Trooper  
  128  10:03  Missile Turret  
  128  10:09  Dominion Trooper  
  130  10:17  Dominion Trooper  
  131  10:25  Dominion Trooper  
  131  10:36  Medivac  
  133  10:52  Fusion Core  
  133  10:57  Imperial Witness  
  136  11:03  Dominion Trooper  
  137  11:11  Dominion Trooper  
  137  11:19  Dominion Trooper x2  
  141  11:21  Marauder  
  141  11:27  Dominion Trooper x2, Imperial Witness  
  149  11:35  Dominion Trooper x2  
  151  11:43  Dominion Trooper x2  
  153  11:50  Dominion Trooper  
  153  11:51  Dominion Trooper  
  153  11:58  Dominion Trooper  
  153  11:59  Dominion Trooper  
  156  12:06  Dominion Trooper  
  156  12:08  Marauder  
  161  12:14  Dominion Trooper  
  162  12:22  Dominion Trooper  
  163  12:30  Dominion Trooper  
  163  12:38  Dominion Trooper  
  161  12:46  Dominion Trooper  
  158  12:54  Dominion Trooper  
  158  12:58  Unknown x5  
  158  12:59  Unknown x5  
  153  13:13  Marauder  
  157  13:29  Amplified Airwaves  
  154  13:43  Marauder  
  141  14:13  Marauder  
  141  14:16  Dominion Trooper  
  147  14:20  Dominion Trooper  
  147  14:24  Dominion Trooper  
  147  14:27  Dominion Trooper x2  
  147  14:28  Dominion Trooper x2  
  149  14:32  Dominion Trooper  
  149  14:36  Dominion Trooper  
  149  14:40  Dominion Trooper  
  149  14:44  Dominion Trooper  
  149  14:48  Dominion Trooper  
  152  14:52  Scatter Veil, Dominion Trooper  
  152  14:56  Dominion Trooper  
  151  15:00  Dominion Trooper  
  151  15:04  Dominion Trooper  
  151  15:08  Dominion Trooper  
  153  15:12  Dominion Trooper  
  153  15:15  Dominion Trooper  
  145  15:20  Dominion Trooper  
  145  15:28  Dominion Trooper  
  138  15:39  Dominion Trooper  
  135  15:47  SCV, Dominion Trooper  
  136  15:52  Dual Resuscitators  
  136  15:55  Dominion Trooper  
  137  16:03  Dominion Trooper  
  138  16:11  Dominion Trooper  
  138  16:18  Supply Bunker  
  138  16:20  Supply Bunker  
  138  16:21  Supply Bunker x2  
  138  16:24  Supply Bunker  
  138  16:25  Supply Bunker  
  138  16:29  Dominion Trooper  
  139  16:41  Unknown x5  
  139  16:42  Unknown x5  
  139  16:46  Dominion Trooper  
  140  16:53  Command Center  
  140  16:54  Dominion Trooper  
  140  16:58  Terran Infantry Weapons Level 2  
  137  17:02  Dominion Trooper  
  138  17:10  Dominion Trooper  
  138  17:18  Dominion Trooper  
  140  17:26  Dominion Trooper  
  141  17:34  Dominion Trooper  
  141  17:37  Dominion Trooper  
  142  17:42  Dominion Trooper  
  142  17:49  Dominion Trooper  
  146  17:50  Dominion Trooper  
  146  17:53  Marauder  
  146  17:55  Dominion Trooper  
  146  17:57  Dominion Trooper  
  146  17:58  Dominion Trooper  
  150  18:03  Dominion Trooper  
  150  18:05  Dominion Trooper  
  150  18:06  Dominion Trooper  
  125  18:11  Dominion Trooper  
  125  18:12  Dominion Trooper  
  125  18:14  Dominion Trooper  
  125  18:19  Dominion Trooper  
  121  18:20  Dominion Trooper  
  121  18:22  Dominion Trooper  
  121  18:27  Dominion Trooper  
  121  18:28  Dominion Trooper  
  125  18:30  Dominion Trooper  
  125  18:35  Dominion Trooper  
  125  18:36  Dominion Trooper  
  125  18:37  Dominion Trooper  
  129  18:43  Dominion Trooper, Imperial Witness  
  129  18:44  Dominion Trooper  
  129  18:45  Dominion Trooper  
  134  18:51  Dominion Trooper  
  134  18:52  Dominion Trooper  
  134  18:53  Dominion Trooper  
  134  18:59  Dominion Trooper  
  134  19:00  Dominion Trooper  
  134  19:01  Dominion Trooper  
  134  19:06  Dominion Trooper  
  134  19:08  Dominion Trooper  
  134  19:09  Dominion Trooper  
  139  19:13  Imperial Witness  
  139  19:14  Dominion Trooper  
  139  19:16  Dominion Trooper  
  139  19:17  Dominion Trooper  
  144  19:22  Dominion Trooper  
  144  19:24  Dominion Trooper  
  144  19:25  Dominion Trooper  
  147  19:30  Dominion Trooper  
  147  19:32  Dominion Trooper  
  147  19:33  Dominion Trooper  
  147  19:38  Dominion Trooper  
  151  19:40  Dominion Trooper  
  151  19:41  Dominion Trooper  
  151  19:46  Dominion Trooper  
  151  19:47  Unknown x4  
  151  19:48  Unknown x11, Dominion Trooper  
  151  19:49  Dominion Trooper  
  156  19:54  Dominion Trooper  
  156  19:56  Dominion Trooper  
  156  19:57  Dominion Trooper  
  159  20:02  Dominion Trooper  
  159  20:04  Dominion Trooper  
  159  20:05  Dominion Trooper  
  159  20:08  Terran Infantry Armor Level 1  
  161  20:10  Dominion Trooper  
  161  20:13  Dominion Trooper  
  161  20:18  Dominion Trooper  
  165  20:20  Dominion Trooper  
  165  20:21  Dominion Trooper  
  165  20:26  Dominion Trooper  
  165  20:28  Dominion Trooper  
  165  20:29  Dominion Trooper  
  170  20:33  SCV x8  
  170  20:34  Dominion Trooper  
  170  20:36  Dominion Trooper  
  170  20:37  Dominion Trooper  
  173  20:42  Dominion Trooper  
  173  20:44  Dominion Trooper x2  
  173  20:48  Starport  
  176  20:50  Starport, Dominion Trooper  
  176  20:52  Dominion Trooper x2  
  176  20:58  Dominion Trooper  
  180  21:00  Dominion Trooper x2  
  180  21:04  Viking  
  180  21:06  Dominion Trooper  
  180  21:08  Dominion Trooper x2  
  187  21:10  Viking  
  187  21:16  Dominion Trooper  
  157  21:46  Viking  
  154  21:50  Viking  
  154  21:52  Viking  
  162  22:01  Dominion Trooper x6  
  162  22:02  Dominion Trooper x2  
  154  22:28  Viking  
  158  22:32  Viking  
  158  22:34  Viking, Supply Bunker, Dominion Trooper x6  
  168  22:47  Supply Bunker, Dominion Trooper x6  
  108  23:25  Dominion Trooper x2  
  92  23:31  Dominion Trooper x3  
  92  23:33  Dominion Trooper x2  
  83  23:41  Dominion Trooper x2  
  83  23:49  Dominion Trooper x2  
  83  23:57  Dominion Trooper x2  
  85  24:05  Dominion Trooper x2  
  87  24:13  Dominion Trooper x2  
  89  24:21  Dominion Trooper x2  
Tags
 
Commander
MengskStukov
Matchup
Co-op
Replay Pack
Multiplayer
Add a new tag
Caveats
  • Supply blocks, unpowered buildings, or Contaminate may cause inaccurate times.
  • Supply counts are checked every 10 seconds.